 Dungeon Crawl Stone Soup version 0.30-a0-777-ga9a30cbeda (webtiles) character file.

Game seed: 1306579805755406245

1210 Dirtsage the Insei (level 8, 0/55 (58) HPs)
             Began as a Demonspawn Monk on Feb 13, 2023.
             Was a Believer of Wu Jian.
             Slain by a wight
             ... wielding a +5 great sword
              (2 damage)
             ... on level 6 of the Dungeon.
             The game lasted 00:14:10 (5182 turns).

Dirtsage the Insei (Demonspawn Monk)                Turns: 5182, Time: 00:14:10

HP:   0/55 (58)     AC: 12    Str: 12    XL:     8   Next: 22%
MP:   8/8           EV: 11    Int: 11    God:    Wu Jian [**....]
Gold: 364           SH:  0    Dex: 18    Spells: 5/7 levels left

rFire   . . .      SeeInvis .      - Unarmed
rCold   . . .      Faith    .    (no shield)
rNeg    . . .      Spirit   .    o - +0 ring mail
rPois   .          Reflect  .    (no helmet)
rElec   .          Harm     .    (no cloak)
rCorr   .          Rampage  .    (no gloves)
Will    .....                    j - +0 pair of boots
Stlth   +                        (no amulet)
HPRegen 0.29/turn                W - ring of wizardry
MPRegen 0.11/turn                x - ring of wizardry

@: sanguine armoured, drained
A: claws 1, powered by pain 2, sanguine armour 1, demonic magic 1
a: Renounce Religion, Wall Jump


You were on level 6 of the Dungeon.
You worshipped Wu Jian.
Wu Jian was pleased with you.
You visited 2 branches of the dungeon, and saw 8 of its levels.

You collected 364 gold pieces.

Inventory:

Hand Weapons
 a - a +0 falchion
 r - a +4 dagger
Armour
 b - a +0 robe
 j - a +0 pair of boots (worn)
 o - a +0 ring mail (worn)
Magical Staves
 u - a staff of cold
Jewellery
 m - a ring of fire
 s - a ring of magical power
 x - a ring of wizardry (right claw)
 W - a ring of wizardry (left claw)
Wands
 B - a wand of roots (4)
 D - a wand of digging (6)
Scrolls
 e - 9 scrolls of identify {unknown}
 f - a scroll of immolation {unknown}
 g - 2 scrolls of vulnerability {unknown}
 h - a scroll of torment {unknown}
 i - 4 scrolls of enchant weapon {unknown}
 k - 2 scrolls of fog {unknown}
 p - 2 scrolls of amnesia {unknown}
 y - a scroll of enchant armour {unknown}
Potions
 c - a potion of mutation {unknown}
 d - a potion of might
 l - a potion of attraction
 n - a potion of berserk rage {unknown}
 q - 3 potions of curing
 t - a potion of brilliance {unknown}
 v - a potion of haste {unknown}
 w - a potion of flight {unknown}
 z - a potion of ambrosia
 A - a potion of heal wounds {unknown}


   Skills:
 - Level 3.0 Fighting
 - Level 5.3 Long Blades
 - Level 2.6 Dodging
 - Level 1.7 Stealth
 * Level 6.9 Unarmed Combat
 - Level 3.0 Transmutations


You had 5 spell levels left.
You knew the following spells:

 Your Spells              Type           Power      Damage    Failure   Level
a - Wereblood             Tmut           6%         N/A       10%         2

Your spell library contained the following spells:

 Spells                   Type           Power      Damage    Failure   Level
 Sting                    Tmut/Pois      12%        1d3       12%         1
 Poisonous Vapours        Pois/Air       0%         N/A       30%         2
 Sublimation of Blood     Necr           0%         N/A       30%         2
 Olgreb's Toxic Radiance  Pois           0%         N/A       86%         4
 Summon Hydra             Summ           0%         N/A       100%        7


Dungeon Overview and Level Annotations

Branches:
Dungeon (7/15)             Temple (1/1) D:5

Altars:
Ashenzari
Cheibriados
Dithmenos
Fedhas
Makhleb
Nemelex Xobeh
Okawaru
Qazlal
Ru
Sif Muna
Vehumet
Wu Jian
Yredelemnul


Innate Abilities, Weirdness & Mutations

You have sharp fingernails.
You sometimes gain power by taking damage.
When seriously injured, your blood forms armour. (AC +6)
Spells you cast may paralyse adjacent enemies.


Message History

You feel a bit more experienced.
Things that are here:
a +0 dagger; a +0 robe You see here a +0 war axe.
Items here: )) [ †.
You see here a +0 war axe.
Things that are here:
a +0 dagger; a +0 robe A wight comes into view.
It is wielding a +5 great sword.
Health restored: 58 A wight comes into view.
It is wielding a +0 trident and wearing a +1 robe of willpower.
You lunge at the wight.
You closely miss the wight. The wight closely misses you.
The wight hits you from afar with a +0 trident!
You take 10 damage, and have 48/58 hp.
You closely miss the wight.
The wight hits you with a +5 great sword!
The wight hits you from afar with a +0 trident.
Your blood congeals into armour.
You take 15 damage, and have 33/58 hp.
MASSIVE DAMAGE!!
The wight attacks as you move away!
The wight hits you with a +5 great sword!
You take 9 damage, and have 25/58 hp.
There is a stone staircase leading up here.
The wight closely misses you.
The wight hits you from afar with a +0 trident.
You climb upwards.
There is a stone staircase leading down, spattered with blood here.
You take 1 damage, and have 25/58 hp.
You closely miss the wight.
The wight hits you with a +5 great sword.
You feel drained.
* * * LOW HITPOINT WARNING * * *
You take 8 damage, and have 17/57 hp.
You claw the wight!
The wight is heavily damaged.
The wight hits you with a +5 great sword!
* * * LOW HITPOINT WARNING * * *
You feel drained.
You die...

.##.#..........#########.#
....#......###.# #.# .#######...#
#.# #.# ...........###.## #.#
#...............# #.#
#.......##.###..# #.#
........##.# #..# ####.####
........##.###..#####.......#####
.......)........@z...............
........##.##########.......#####
........##.# #..............# #
...........# #.######.......#####
##......#### #.# ##...<.<....<.
#......# #.# #........####.
###.##.### ##.#####.#.##.### #.
#......# #........##.#.# #.
#......###.....##.#.##.######<


You could see a wight.

Vanquished Creatures
  Grinder (D:5)
  An ice beast (D:6)
  An ogre (D:6)
  3 phantoms
  5 hounds
  A jelly (D:5)
  2 orc priests (D:7)
  6 iguanas
  3 orc wizards
  4 adders
  A shadow imp (D:6)
  An ufetubus (D:6)
  A worm (D:5)
  2 dart slugs
  13 orcs
  9 ball pythons
  7 bats
  10 endoplasms
  5 giant cockroaches
  9 hobgoblins
  7 jackals
  5 kobolds
  A quokka (D:1)
  A frilled lizard (D:2)
  7 goblins
  3 rats
109 creatures vanquished.

Notes
Turn   | Place    | Note
-------+----------+-------------------------------------------
     0 | D:1      | Dirtsage the Demonspawn Monk began the quest for the Orb.
     0 | D:1      | Reached XP level 1. HP: 18/18 MP: 1/1
   136 | D:1      | Gained mutation: You sometimes gain a little power by
                  | taking damage. [demonic ancestry]
   136 | D:1      | Reached XP level 2. HP: 24/24 MP: 2/2
   225 | D:1      | HP: 1/24 [jackal (2)]
   405 | D:1      | Gained mutation: When seriously injured, your blood forms
                  | armour. (AC +6) [demonic ancestry]
   405 | D:1      | Reached XP level 3. HP: 29/29 MP: 3/3
   778 | D:2      | You fall into a shaft and drop 1 floor!
  1337 | D:2      | Gained mutation: You sometimes gain power by taking damage.
                  | [demonic ancestry]
  1337 | D:2      | Reached XP level 4. HP: 19/35 MP: 4/4
  1573 | D:3      | Learned a level 2 spell: Wereblood
  2039 | D:4      | Found a sacrificial altar of Ru.
  2039 | D:4      | Found a radiant altar of Vehumet.
  2040 | D:4      | Found a broken altar of Ashenzari.
  2167 | D:4      | Reached skill level 5 in Long Blades
  2253 | D:4      | HP: 1/35 [iguana (6)]
  2257 | D:4      | Gained mutation: You have sharp fingernails. [demonic
                  | ancestry]
  2257 | D:4      | Reached XP level 5. HP: 3/41 MP: 5/5
  2517 | D:4      | Reached skill level 1 in Unarmed Combat
  2826 | D:4      | Reached skill level 2 in Unarmed Combat
  2933 | D:5      | Entered Level 5 of the Dungeon
  3013 | D:5      | Found a basalt altar of Yredelemnul.
  3044 | D:5      | Reached skill level 3 in Unarmed Combat
  3044 | D:5      | Reached XP level 6. HP: 24/47 MP: 6/6
  3328 | D:5      | Found a staircase to the Ecumenical Temple.
  3339 | Temple   | Entered the Ecumenical Temple
  3377 | Temple   | Became a worshipper of the Wu Jian Council
  3377 | Temple   | Reached * piety under Wu Jian
  3377 | Temple   | Reached ** piety under Wu Jian
  3565 | D:5      | Noticed Grinder
  3680 | D:5      | Reached skill level 4 in Unarmed Combat
  3710 | D:5      | Paralysed by Grinder for 3 turns
  3723 | D:5      | Killed Grinder
  3724 | D:5      | Reached skill level 1 in Transmutations
  3724 | D:5      | Gained mutation: Spells you cast may paralyse adjacent
                  | enemies. [demonic ancestry]
  3724 | D:5      | Reached XP level 7. HP: 11/52 MP: 7/7
  4057 | D:6      | Reached skill level 5 in Unarmed Combat
  4621 | D:6      | Reached skill level 6 in Unarmed Combat
  4659 | D:6      | Reached XP level 8. HP: 49/58 MP: 8/8
  5182 | D:6      | HP: 2/57 [wight/+5 great sword (15)]
  5182 | D:6      | Slain by a wight

Illustrated notes

Levels and vault maps discovered:
D:1:      minmay_arrival_hallway, layout_rooms
D:2:      layout_basic
D:3:      layout_loops_ring, minivault_26
D:4:      layout_loops_cross, chequers_temple_overflow_statue_of_worship
D:5:      layout_loops_ring, mainiacjoe_overflow_alcove_2, temple_fountains,
          minmay_misc_feat_enclosed, uniq_grinder
D:6:      layout_loops_ring, minmay_misc_feat_tiny
D:7:      layout_cave_pods
Temple:   nicolae_temple_superstar

Skill      XL: |  1  2  3  4  5  6  7 |
---------------+----------------------+-----
Long Blades    | 3 4 5 |  5.3
Unarmed Combat | 3 4 6 |  6.9
Transmutations | 1 3 |  3.0
Fighting       | |  3.0
Dodging        | |  2.6
Stealth        | |  1.7

Action                     |  1- 3 |  4- 6 |  7- 9 || total
---------------------------+-------+-------+-------++-------
  Melee: Falchion          |   134 |    63 |       ||   197
         Punch             |     1 |     4 |     3 ||     8
         Dagger            |       |   116 |    30 ||   146
         Unarmed           |       |     8 |   112 ||   120
Ability: Lunge             |       |     1 |    10 ||    11
         Whirlwind         |       |       |     4 ||     4
  Evoke: Wand              |       |     8 |       ||     8
    Use: Potion            |     1 |     6 |       ||     7
   Stab: Sleeping          |     1 |     1 |       ||     2
         Paralysed         |       |     1 |       ||     1
 Armour: Robe              |    24 |       |       ||    24
         Ring mail         |    12 |    49 |    35 ||    96
  Dodge: Dodged            |   125 |    82 |    52 ||   259

Table legend: (Time is in decaauts)
 A = Elapsed time spent in this place.
 B = Non-inter-level travel time spent in this place.
 C = Inter-level travel time spent in this place.
 D = Time resting spent in this place.
 E = Time spent auto-exploring this place.
 F = Levels seen in this place.
 G = Mean time per level.
                   A        B        C        D        E       F      G
               +--------+--------+--------+--------+--------+-----+--------+
         Total |   5157 |   4899 |    258 |    138 |   3738 |   8 |  644.6 |
       Dungeon |   5080 |   4859 |    221 |    138 |   3738 |   7 |  725.7 |
        Temple |     76 |     39 |     37 |      0 |      0 |   1 |   76.0 |
               +--------+--------+--------+--------+--------+-----+--------+

Top non-repeatable levels by time:
     D:5: 1011 daAuts
     D:6: 986 daAuts
     D:4: 862 daAuts
     D:2: 780 daAuts
     D:3: 753 daAuts
     D:1: 542 daAuts
     D:7: 144 daAuts
  Temple: 76 daAuts
